 Dungeon Crawl Stone Soup version 0.21-a0-529-g8c7b3f5 (webtiles) character file.

45 Gildeon the Poker (level 3, 0/30 HPs)
             Began as a Demigod Fighter on Dec 11, 2017.
             Succumbed to an adder's poison
             ... on level 2 of the Dungeon.
             The game lasted 00:04:39 (920 turns).

Gildeon the Poker (Demigod Fighter)                  Turns: 920, Time: 00:04:40

Health: 0/30       AC: 10    Str: 21    XL:     3   Next: 25%
Magic:  5/5        EV:  7    Int: 12    God:
Gold:   20         SH:  0    Dex: 15    Spells: 2/2 levels left

rFire    . . .     SeeInvis .   a - +0 trident
rCold    . . .     Gourm    .   (no shield)
rNeg     . . .     Faith    .   p - +0 chain mail
rPois    .         Spirit   .   (no helmet)
rElec    .         Reflect  .   g - +0 cloak (curse)
rCorr    .         Harm     .   (no gloves)
MR       .....                  (no boots)
Stlth    ..........             (no amulet)
HPRegen  0.10/turn              (no ring)
MPRegen  0.09/turn              (no ring)

@: lethally poisoned (0 -> -1)
A: high mp 1
a: no special abilities


You were on level 2 of the Dungeon.
You were not hungry.

You visited 1 branch of the dungeon, and saw 2 of its levels.

You collected 20 gold pieces.

Inventory:

Hand Weapons
 a - a +0 trident (weapon)
Missiles
 c - 73 arrows
 o - 5 tomahawks (quivered)
Armour
 g - a cursed +0 cloak (worn)
 p - a +0 chain mail (worn)
Scrolls
 e - 3 scrolls of teleportation {unknown}
 i - a scroll of amnesia {unknown}
 n - a scroll of remove curse {unknown}
Potions
 d - a potion of might
 k - a potion of invisibility
Comestibles
 b - 3 chunks of flesh
 f - 2 bread rations
 l - a royal jelly


   Skills:
 - Level 2.6 Fighting
 + Level 3.5 Polearms
 - Level 2.6 Armour
   Level 2.6 Shields


You had 2 spell levels left.
You didn't know any spells.

Dungeon Overview and Level Annotations

Branches:
Dungeon (2/15)


Innate Abilities, Weirdness & Mutations

You have an increased reservoir of magic. (+10% MP)


Message History

* * * LOW HITPOINT WARNING * * *
You hit the kobold.
You kill the kobold!
* * * LOW HITPOINT WARNING * * *
You feel sick.
* * * LOW HITPOINT WARNING * * *
You feel sick.
* * * LOW HITPOINT WARNING * * *
You feel sick.
There is a lethal amount of poison in your body!
There is a lethal amount of poison in your body!
There is a lethal amount of poison in your body!
There is a lethal amount of poison in your body!
* * * LOW HITPOINT WARNING * * *
You feel sick.
* * * LOW HITPOINT WARNING * * *
You feel sick.
* * * LOW HITPOINT WARNING * * *
You feel sick.
You die...

+## ≈.≈≈ ### ########
§.≈.. #.#
#...<.(#######≈§....
#.####>######....((§§...≈
####....#.# #.###.#§§....
#.......#.# #.#...# ..≈..
#.##.#..#.######@#.#.#
≈.≈§
#.#.........#>.......# +##
#.#.....#####.####.#.....
#.##....#...)..........#..
#.......#.###............
#####...#..##.............
#..........+.....)....##.
#.#..#.##.##.....###..#
#.#..#.# .##.....# ...


There were no monsters in sight!

Vanquished Creatures
  2 adders (D:2)
  3 dart slugs (D:1)
  4 bats
  2 giant cockroaches (D:1)
  A goblin (D:2)
  2 hobgoblins
  4 kobolds
  A frilled lizard (D:2)
  3 rats
22 creatures vanquished.

Notes
Turn   | Place    | Note
-------+----------+-------------------------------------------
     0 | D:1      | Gildeon the Demigod Fighter began the quest for the Orb.
     0 | D:1      | Reached XP level 1. HP: 18/18 MP: 3/3
    51 | D:1      | Reached skill level 2 in Polearms
   461 | D:1      | Reached XP level 2. HP: 25/25 MP: 4/4
   632 | D:1      | Reached skill level 3 in Polearms
   863 | D:2      | Reached XP level 3. HP: 30/30 MP: 5/5
   916 | D:2      | HP: 1/30 [poisoned by an adder]
   920 | D:2      | Succumbed to an adder's poison

Vault maps used:
D:1:      matt_arrival_los_fun, amethyst_killhole
D:2:      kennysheep_generic_room_10, uniq_natasha

Skill      XL: |  1  2 |
---------------+-------+-----
Polearms       | 2 3 |  3.5
Fighting       | |  2.6
Armour         | |  2.6
Shields        | |  2.6

Action                   || total
-------------------------++-------
Melee: Trident           ||    73
  Use: Scroll            ||     3
Armor: Scale mail        ||    25
       Chain mail        ||    23
Dodge: Dodged            ||    40

Table legend:
 A = Spawn XP
 B = Non-spawn XP
 C = Spawn XP percentage of total XP
 D = Spawn monster count
 E = Non-spawn monster count
 F = Spawn count percentage of total count
 G = Total turns spent on level
                    A         B        C        D         E        F      G
               +---------+---------+-------+---------+---------+-------+---------
         Total |       0 |      65 |   0.0 |       0 |      22 |   0.0 |   920
               +---------+---------+-------+---------+---------+-------+---------
           D:1 |       0 |      30 |   0.0 |       0 |      13 |   0.0 |   803
           D:2 |       0 |      35 |   0.0 |       0 |       9 |   0.0 |   117
               +---------+---------+-------+---------+---------+-------+---------
